Map: Dusk Towers

Players

Miszu - Winner!

  • Race: Terran Terran
  • League: Master

IIIIIIIIIIII

  • Race: Protoss Protoss
  • League: Grandmaster

VOD

Have the link to the VOD?

Description

Time

  • Played on: June 27, 2016, 6:57 p.m.
  • Length: 10:02
Show
View Real Time Build Order
Export as new Build Order

Miszu Terran - Winner!

Build Orders: 1/1/1, Liberator Opening, MMM Bio 

Get SALT Encoding   

  12  0:00  SCV  
  13  0:12  SCV  
  14  0:17  Supply Depot  
  14  0:25  SCV  
  14  0:28  Refinery  
  15  0:39  SCV  
  16  0:44  Barracks  
  16  0:51  SCV  
  17  1:03  SCV  
  18  1:16  SCV  
  19  1:32  Orbital Command  
  19  1:33  Factory, Marine  
  19  1:39  Supply Depot  
  20  1:51  Marine  
  21  1:55  Refinery  
  21  1:58  SCV  
  22  2:04  Supply Depot  
  22  2:08  Marine  
  22  2:10  SCV  
  24  2:17  Hellion  
  24  2:19  Starport  
  26  2:23  SCV  
  26  2:26  Marine  
  28  2:36  SCV  
  29  2:39  Hellion  
  29  2:44  Supply Depot, Marine  
  31  2:48  SCV  
  33  2:55  Medivac  
  35  3:00  Hellion  
  37  3:08  Barracks Reactor  
  37  3:16  Liberator  
  37  3:23  Command Center  
  37  3:32  Factory Tech Lab  
  40  3:41  SCV  
  40  3:46  Marine x2  
  40  3:48  Supply Depot  
  43  3:56  Barracks  
  43  4:05  Barracks  
  37  4:25  Marine x2  
  37  4:26  Siege Tank  
  42  4:35  SCV  
  42  4:38  Starport Reactor  
  43  4:46  Barracks Tech Lab  
  43  4:47  Orbital Command  
  43  4:48  SCV  
  44  4:52  Marine  
  44  4:54  Barracks Tech Lab  
  45  5:00  SCV  
  46  5:12  Stimpack  
  46  5:20  SCV  
  46  5:21  SCV  
  44  5:23  Siege Tank  
  44  5:24  Medivac  
  48  5:32  Engineering Bay, SCV  
  48  5:33  SCV  
  50  5:37  Marine  
  50  5:38  Marine  
  50  5:40  Marine  
  53  5:43  Marine  
  53  5:44  SCV  
  53  5:45  SCV  
  56  5:55  Marine x2, Siege Tank  
  56  5:56  SCV  
  62  5:58  Marine  
  62  6:01  Medivac  
  66  6:04  SCV  
  66  6:08  Supply Depot, Refinery, Marine, Combat Shields  
  67  6:13  Marine  
  67  6:17  SCV  
  67  6:18  Marine, Terran Infantry Weapons Level 1  
  70  6:30  Marine x2, SCV x2  
  70  6:31  Refinery, Marine  
  75  6:35  Marine  
  76  6:48  Marine x2  
  76  6:52  Supply Depot  
  78  6:55  Supply Depot  
  78  7:09  Barracks x2  
  78  7:13  Marine x3  
  78  7:14  Marine, Siege Tank, SCV x2  
  86  7:16  Medivac x2  
  90  7:26  SCV x2  
  92  7:32  Marauder  
  94  7:42  Concussive Shells  
  94  8:00  Barracks Tech Lab x2  
  94  8:15  Supply Depot x2  
  94  8:16  Supply Depot  
  94  8:19  Liberator x2  
  94  8:35  Marine x2  
  94  8:36  Marauder  
  94  8:37  Marauder x3  
  94  8:38  Siege Tank  
  111  8:53  Marine x2  
  113  8:58  Marauder x2  
  117  9:07  Marauder x2  
  113  9:11  Marine x2  
  113  9:19  Marauder  
  113  9:20  Marauder  
  116  9:27  Marine  
  116  9:28  Siege Tank  
  116  9:29  Marine  
  128  9:41  Marauder x2  
  132  9:49  Supply Depot  
  132  9:50  Supply Depot  
  132  9:51  Supply Depot  
Show
View Real Time Build Order
Export as new Build Order

IIIIIIIIIIII Protoss 

Build Orders: 1 Gate Expand, Blink Stalkers 

Get SALT Encoding   

  12  0:01  Probe (Chrono Boost)  
  13  0:11  Probe (Chrono Boost)  
  14  0:17  Pylon  
  14  0:22  Probe (Chrono Boost)  
  16  0:36  Probe (Chrono Boost)  
  16  0:40  Gateway  
  16  0:46  Probe (Chrono Boost)  
  17  0:50  Assimilator  
  17  0:57  Probe (Chrono Boost)  
  18  1:07  Probe (Chrono Boost)  
  19  1:18  Probe (Chrono Boost)  
  20  1:27  Nexus  
  20  1:36  Probe (Chrono Boost)  
  20  1:38  Cybernetics Core  
  21  1:43  Assimilator  
  22  1:47  Probe (Chrono Boost)  
  22  1:52  Pylon  
  22  2:00  Probe (Chrono Boost)  
  23  2:10  Probe (Chrono Boost)  
  24  2:15  Warp Gate  
  24  2:17  Stalker  
  24  2:21  Probe (Chrono Boost)  
  27  2:27  Robotics Facility  
  27  2:32  Probe (Chrono Boost)  
  28  2:39  Probe (Chrono Boost)  
  28  2:42  Probe (Chrono Boost)  
  30  2:50  Probe (Chrono Boost)  
  31  2:53  Mothership Core (Chrono Boost)  
  33  3:00  Probe (Chrono Boost)  
  34  3:08  Pylon  
  34  3:10  Probe (Chrono Boost)  
  34  3:11  Twilight Council, Probe (Chrono Boost)  
  36  3:19  Observer (Chrono Boost)  
  37  3:20  Probe  
  37  3:21  Gateway  
  37  3:24  Gateway  
  37  3:26  Probe  
  39  3:30  Probe  
  40  3:39  Probe  
  40  3:40  Observer (Chrono Boost)  
  40  3:41  Probe  
  42  3:42  Assimilator  
  42  3:44  Pylon  
  43  3:51  Probe x2  
  45  3:59  Blink (Chrono Boost)  
  45  4:02  Pylon, Probe  
  45  4:03  Probe  
  47  4:12  Probe  
  43  4:25  Stalker x2  
  47  4:31  Probe x2  
  49  4:42  Probe  
  49  4:43  Probe  
  51  4:52  Probe  
  50  4:55  Stalker  
  50  4:56  Stalker x2  
  50  4:59  Probe  
  58  5:05  Probe  
  56  5:11  Probe  
  57  5:33  Probe  
  57  5:35  Probe  
  59  5:57  Nexus  
  59  6:01  Observer (Chrono Boost)  
  59  6:02  Robotics Bay  
  59  6:03  Probe  
  60  6:04  Probe  
  60  6:09  Pylon  
  62  6:14  Assimilator, Probe  
  63  6:19  Pylon  
  63  6:20  Probe  
  63  6:22  Observer (Chrono Boost)  
  65  6:26  Probe  
  66  6:33  Pylon  
  66  6:36  Forge x2  
  66  6:38  Probe  
  67  6:47  Colossus (Chrono Boost)  
  67  6:52  Extended Thermal Lance (Chrono Boost)  
  73  6:56  Gateway  
  73  6:57  Gateway  
  73  6:59  Gateway  
  73  7:04  Pylon  
  73  7:07  Stalker x2  
  77  7:11  Stalker  
  79  7:30  Stargate  
  79  7:31  Colossus  
  79  7:40  Stalker x3  
  79  7:43  Protoss Ground Weapons Level 1 (Chrono Boost)  
  91  7:48  Pylon  
  91  7:49  Pylon  
  89  8:03  Stalker x2  
  93  8:08  Protoss Ground Armor Level 1 (Chrono Boost)  
  93  8:09  Cybernetics Core  
  93  8:10  Pylon  
  93  8:12  Stalker  
  93  8:14  Pylon  
  93  8:30  Fleet Beacon  
  93  8:45  Zealot  
  93  8:46  Zealot x4  
  103  8:56  Pylon  
  75  9:19  Zealot x4  
  75  9:20  Zealot  
  75  9:22  Tempest (Chrono Boost)  
  89  9:36  Pylon  
  89  9:41  Pylon, Zealot  
  81  9:57  Stalker x2  
Tags
 
Add a new tag
Caveats
  • Supply blocks, unpowered buildings, or Contaminate may cause inaccurate times.
  • Supply counts are checked every 10 seconds.